 Dungeon Crawl Stone Soup version 0.29-a0-789-g7a8fcbc185 (webtiles) character file.

Game seed: 11843312636529836798

25 bobojojo the Vexing (level 3, -4/26 HPs)
             Began as a Barachi Arcane Marksman on July 3, 2022.
             Was a Follower of Jiyva.
             Slain by a phantom (7 damage)
             ... on level 2 of the Dungeon.
             The game lasted 00:04:05 (858 turns).

bobojojo the Vexing (Barachi Arcane Marksman)        Turns: 858, Time: 00:04:06

Health: -4/26      AC:  3    Str:  8 (11) XL:     3   Next: 6%
Magic:  6/6        EV: 12    Int: 11 (13) God:    Jiyva [*.....]
Gold:   28         SH:  0    Dex: 13 (14) Spells: 5/6 levels left

rFire   . . .      SeeInvis .   a - +0 sling
rCold   . . .      Faith    .   (no shield)
rNeg    . . .      Spirit   .   c - +0 robe
rPois   .          Reflect  .   (no helmet)
rElec   .          Harm     .   (no cloak)
rCorr   .          Rampage  .   (no gloves)
Will    .....                   d - +0 pair of boots
Stlth   +.........              (no amulet)
HPRegen 0.88/turn               (no ring)
MPRegen 0.35/turn               (no ring)

@: about to teleport, unable to hop, slow
A: amphibious, slowness 1, strong legs 1, +LOS
a: Hop, Renounce Religion


You were on level 2 of the Dungeon.
You worshipped Jiyva.
Jiyva was aware of your devotion.
You visited 1 branch of the dungeon, and saw 2 of its levels.

You collected 28 gold pieces.

Inventory:

Hand Weapons
 a - a +0 sling (weapon)
Armour
 c - a +0 robe (worn)
 d - a +0 pair of boots (worn)
Scrolls
 b - a scroll of vulnerability
 f - a scroll of identify


   Skills:
 - Level 1.2 Fighting
 + Level 2.8 Ranged Weapons
 - Level 2.1 Dodging
 + Level 2.2 Spellcasting
 - Level 3.2 Hexes


You had 5 spell levels left.
You knew the following spells:

 Your Spells              Type           Power      Damage    Failure   Level
a - Slow                  Hex            32%        N/A       8%          1

Your spell library contained the following spells:

 Spells                   Type           Power      Damage    Failure   Level
 Inner Flame              Hex/Fire       4%         N/A       41%         3
 Portal Projectile        Hex/Tloc       8%         N/A       41%         3
 Cause Fear               Hex            4%         N/A       58%         4


Dungeon Overview and Level Annotations

Branches:
Dungeon (2/15)

Altars:
Jiyva


Innate Abilities, Weirdness & Mutations

You are amphibious.
You cover ground slowly.
You can hop short distances.
You have an extended range of vision and can be seen from far away.


Message History

Press: ? - help, Dir - move target, p - phantom Boing!
You hear a distant slurping noise.
Fire: a) +0 sling
Press: ? - help, Q - select action, (/) - cycle Shift-Dir - straight line, f - phantom
Aim: a phantom (moderately damaged) Really fire in the endoplasm's direction?
This attack would place you under penance!
Okay, then.
A ball python comes into view.
The ball python hisses angrily.
The phantom misses you. The phantom barely misses you. The phantom hits you.
The phantom blinks!
You blink.
The phantom attacks as you move away! The phantom hits you.
* * * LOW HITPOINT WARNING * * *
The phantom misses you.
It was a potion of degeneration.
There was something very wrong with that liquid.
You feel weakened.
You feel dopey.
You feel clumsy.
The phantom hits you but does no damage.
As you read the scroll labelled EDOUSA KAILUP, it crumbles to dust.
It is a scroll of identify.
e - a scroll of teleportation The phantom hits you.
* * * LOW HITPOINT WARNING * * *
The phantom blinks!
You blink.
The ball python bites you but does no damage.
The ball python grabs you. The ball python constricts you.
As you read the scroll of teleportation, it crumbles to dust.
You feel strangely unstable. The ball python bites you.
* * * LOW HITPOINT WARNING * * *
The ball python constricts you. The phantom hits you.
* * * LOW HITPOINT WARNING * * *
The endoplasm barely misses the phantom.
The ball python bites you but does no damage.
The ball python constricts you.
You escape the ball python's grasp.
The phantom attacks as you move away!
The phantom hits you but does no damage.
The phantom hits you!
You die...

.. .. #.# ... #.#
#.# ######### #.#
........#####.#####
#######...<....W@.#
####....J...#
#......S##
#######ยง# #.# #.#
#.+ #.+ ###


You could see a phantom, a ball python and a neutral endoplasm (wandering)
(fellow slime).

Vanquished Creatures
  A dart slug (D:1)
  3 ball pythons (D:1)
  2 endoplasms (D:1)
  A giant cockroach (D:1)
  3 goblins (D:1)
  2 hobgoblins (D:1)
  A jackal (D:1)
  A quokka (D:1)
  2 bats (D:1)
  A frilled lizard (D:1)
  3 kobolds (D:1)
  A rat (D:1)
21 creatures vanquished.

Vanquished Creatures (others)
  An endoplasm (D:1)
  A giant cockroach (D:1)
  A hobgoblin (D:1)
  A jackal (D:1)
  A kobold (D:1)
5 creatures vanquished.

Grand Total: 26 creatures vanquished

Notes
Turn   | Place    | Note
-------+----------+-------------------------------------------
     0 | D:1      | bobojojo the Barachi Arcane Marksman began the quest for
                  | the Orb.
     0 | D:1      | Reached XP level 1. HP: 15/15 MP: 2/2
   223 | D:1      | Reached XP level 2. HP: 21/21 MP: 0/4
   287 | D:1      | Found a faded altar of an unknown god.
   308 | D:1      | Prayed at the altar of an unknown god.
   308 | D:1      | Became a worshipper of Jiyva Jitocorg the Shapeless
   308 | D:1      | Reached * piety under Jiyva
   648 | D:1      | Reached XP level 3. HP: 26/26 MP: 4/6
   838 | D:2      | Noticed a phantom
   858 | D:2      | Slain by a phantom

Illustrated notes

Levels and vault maps discovered:
D:1:      minmay_arrival_jagged, layout_basic, chequers_ecumenical_altar_island
D:2:      layout_rooms, kennysheep_generic_room_5

Skill      XL: |  1  2 |
---------------+-------+-----
Spellcasting   | 2 |  2.2
Fighting       | |  1.2
Ranged Weapons | |  2.8
Dodging        | |  2.1
Hexes          | |  3.2

Action                   || total
-------------------------++-------
 Fire: Sling             ||    84
 Cast: Slow              ||    11
 Abil: Hop               ||     3
  Use: Scroll            ||     2
       Potion            ||     1
Armor: Robe              ||    15
Dodge: Dodged            ||    29

Table legend: (Time is in decaauts)
 A = Elapsed time spent in this place.
 B = Non-inter-level travel time spent in this place.
 C = Inter-level travel time spent in this place.
 D = Time resting spent in this place.
 E = Time spent auto-exploring this place.
 F = Levels seen in this place.
 G = Mean time per level.
                   A        B        C        D        E       F      G
               +--------+--------+--------+--------+--------+-----+--------+
         Total |   1003 |    960 |     43 |      0 |    742 |   2 |  501.5 |
       Dungeon |   1003 |    960 |     43 |      0 |    742 |   2 |  501.5 |
               +--------+--------+--------+--------+--------+-----+--------+

Top non-repeatable levels by time:
     D:1: 980 daAuts
     D:2: 22 daAuts
